SOL
MONTGOMERY REBELS @ ASHEVILLE TOURISTS
05/17/1982
 
TOP OF THE 1ST
Montgomery Rebels batting - Pitching for Asheville Tourists : RHP Lazaro Santin
Pitching: RHP Lazaro Santin
Batting: SHB Arthur Fischetti 0-0: Ball
1-0: Fly out, F7 (Flyball, 7S, EV 89.4 MPH)
Batting: LHB Dwayne Murphy 0-0: Ground out 1-3 (Groundball, 13, EV 70.6 MPH)
Batting: LHB Ray Crowley 0-0: Ball
1-0: Called Strike
1-1: Foul Ball, location: 2F
1-2: Strikes out swinging
Top of the 1st over - 0 runs, 0 hits, 0 errors, 0 left on base; Montgomery 0 - Asheville 0
BOTTOM OF THE 1ST
Asheville Tourists batting - Pitching for Montgomery Rebels : LHP Mike J Ramsey
Pitching: LHP Mike J Ramsey
Batting: RHB Ulises Infante 0-0: Ball
1-0: Ball
2-0: Ball
3-0: Base on Balls
Batting: LHB Donald Mazzilli 0-0: Ball
1-0: Ball
2-0: Ball
3-0: Base on Balls
Ulises Infante to second
Batting: RHB Wes Robbins 0-0: Called Strike
0-1: Grounds into double play, 5-4-3 (Groundball, 5, EV 85.0 MPH)
Ulises Infante to third
Batting: LHB Michael Wishnevski 0-0: Ball
1-0: Foul Ball, location: 2F
1-1: Foul Ball, location: 2F
1-2: Ball
2-2: Foul Ball, location: 2F
2-2: DOUBLE (Flyball, 8LXD, EV 96.3 MPH)
Ulises Infante scores
Batting: SHB Dan Hanggie 0-0: Ball
1-0: Ball
2-0: Called Strike
2-1: Ball
3-1: Base on Balls
Batting: LHB Elias Nava 0-0: Ball
1-0: Foul Ball, location: 2F
1-1: Ground out U3 (Groundball, 3, EV 82.5 MPH)
Bottom of the 1st over - 1 run, 1 hit, 0 errors, 2 left on base; Montgomery 0 - Asheville 1
TOP OF THE 2ND
Montgomery Rebels batting - Pitching for Asheville Tourists : RHP Lazaro Santin
Batting: RHB Milt Jefferson 0-0: Foul Ball, location: 2F
0-1: Fly out, F8 (Flyball, 78S, EV 89.4 MPH)
Batting: RHB Nate Tria 0-0: Called Strike
0-1: Called Strike
0-2: Strikes out swinging
Batting: RHB Roberto Palacios 0-0: Fly out, F4 (Popup, 34S, EV 70.0 MPH)
Top of the 2nd over - 0 runs, 0 hits, 0 errors, 0 left on base; Montgomery 0 - Asheville 1
BOTTOM OF THE 2ND
Asheville Tourists batting - Pitching for Montgomery Rebels : LHP Mike J Ramsey
Batting: RHB Gareth Ledbetter 0-0: Ball
1-0: Called Strike
1-1: Foul Ball, location: 2F
1-2: Ball
2-2: Strikes out looking
Batting: SHB Wayne Simmons 0-0: Ball
1-0: Ball
2-0: Ball
3-0: Base on Balls
Batting: RHB Mike Garcia 0-0: Ball
1-0: Ball
2-0: Swinging Strike
2-1: Ball
3-1: Base on Balls
Wayne Simmons to second
Batting: RHB Ulises Infante 0-0: Ball
1-0: Called Strike
Wayne Simmons steals 3rd, throwing error, E2
Wayne Simmons scores
Mike Garcia to third
1-1: Fly out, F8 (Flyball, 8LD, EV 101.9 MPH)
Runner from 3rd tags up, SCORES, throw by CF
Batting: LHB Donald Mazzilli 0-0: Foul Ball, location: 2F
0-1: Ball
1-1: Ground out 1-3 (Groundball, 13S, EV 68.1 MPH)
Bottom of the 2nd over - 2 runs, 0 hits, 1 error, 0 left on base; Montgomery 0 - Asheville 3
TOP OF THE 3RD
Montgomery Rebels batting - Pitching for Asheville Tourists : RHP Lazaro Santin
Batting: RHB Jeff Schumaker 0-0: Called Strike
0-1: Called Strike
0-2: Ball
1-2: Strikes out looking
Batting: SHB Mike Thorpe 0-0: Foul Ball, location: 2F
0-1: Ball
1-1: Ground out U3 (Groundball, 3, EV 101.3 MPH)
Batting: LHB Michael Shinn 0-0: Ball
1-0: Called Strike
1-1: Foul Ball, location: 2F
1-2: Ball
2-2: Ground out 5-3 (Groundball, 5, EV 81.3 MPH)
Top of the 3rd over - 0 runs, 0 hits, 0 errors, 0 left on base; Montgomery 0 - Asheville 3
BOTTOM OF THE 3RD
Asheville Tourists batting - Pitching for Montgomery Rebels : LHP Mike J Ramsey
Batting: RHB Wes Robbins 0-0: Ground out 4-3 (Groundball, 4, EV 84.4 MPH)
Batting: LHB Michael Wishnevski 0-0: Swinging Strike
0-1: SINGLE (Groundball, 6MD, EV 95.0 MPH)
Batting: SHB Dan Hanggie 0-0: Ball
1-0: Foul Ball, location: 2F
1-1: Grounds into double play, 5-4-3 (Groundball, 5L, EV 84.4 MPH)
Bottom of the 3rd over - 0 runs, 1 hit, 0 errors, 0 left on base; Montgomery 0 - Asheville 3
TOP OF THE 4TH
Montgomery Rebels batting - Pitching for Asheville Tourists : RHP Lazaro Santin
Batting: SHB Arthur Fischetti 0-0: Foul Ball, location: 2F
0-1: Fly out, F8 (Flyball, 8RM, EV 88.8 MPH)
Batting: LHB Dwayne Murphy 0-0: Called Strike
0-1: Swinging Strike
0-2: Foul Ball, location: 2F
0-2: Ball
1-2: Foul Ball, location: 2F
1-2: Ball
2-2: Foul Ball, location: 2F
2-2: Ground out U3 (Groundball, 3, EV 88.1 MPH)
Batting: LHB Ray Crowley 0-0: Ball
1-0: Called Strike
1-1: Ball
2-1: Ball
3-1: Base on Balls
Batting: RHB Milt Jefferson 0-0: Ball
1-0: Ball
2-0: Ground out 4-3 (Groundball, 4, EV 88.8 MPH)
Top of the 4th over - 0 runs, 0 hits, 0 errors, 1 left on base; Montgomery 0 - Asheville 3
BOTTOM OF THE 4TH
Asheville Tourists batting - Pitching for Montgomery Rebels : LHP Mike J Ramsey
Batting: LHB Elias Nava 0-0: Called Strike
0-1: Ball
1-1: Fly out, F7 (Flyball, 78S, EV 80.0 MPH)
Batting: RHB Gareth Ledbetter 0-0: Called Strike
0-1: Swinging Strike
0-2: Ball
1-2: Foul Ball, location: 2F
1-2: Ball
2-2: Strikes out looking
Batting: SHB Wayne Simmons 0-0: SINGLE (Line Drive, 34, EV 103.1 MPH)
Batting: RHB Mike Garcia 0-0: Ball
1-0: Foul Ball, location: 2F
1-1: Ground out 4-3 (Groundball, 4, EV 80.0 MPH)
Bottom of the 4th over - 0 runs, 1 hit, 0 errors, 1 left on base; Montgomery 0 - Asheville 3
TOP OF THE 5TH
Montgomery Rebels batting - Pitching for Asheville Tourists : RHP Lazaro Santin
Batting: RHB Nate Tria 0-0: Ball
1-0: Called Strike
1-1: Ground out 6-3 (Groundball, 6, EV 100.6 MPH)
Batting: RHB Roberto Palacios 0-0: Ground out 4-3 (Groundball, 4, EV 89.4 MPH)
Batting: RHB Jeff Schumaker 0-0: Ball
1-0: Called Strike
1-1: Ball
2-1: Ball
3-1: Called Strike
3-2: Strikes out swinging
Top of the 5th over - 0 runs, 0 hits, 0 errors, 0 left on base; Montgomery 0 - Asheville 3
BOTTOM OF THE 5TH
Asheville Tourists batting - Pitching for Montgomery Rebels : LHP Mike J Ramsey
Batting: RHB Ulises Infante 0-0: Called Strike
0-1: Ball
1-1: Fly out, F6 (Flyball, 6D, EV 95.6 MPH)
Batting: LHB Donald Mazzilli 0-0: Ground out 1-3 (Groundball, 15S, EV 70.0 MPH)
Batting: RHB Wes Robbins 0-0: Foul Ball, location: 2F
0-1: Called Strike
0-2: Ball
1-2: Foul Ball, location: 2F
1-2: Foul Ball, location: 2F
1-2: Ground out U3 (Groundball, 34, EV 87.5 MPH)
Bottom of the 5th over - 0 runs, 0 hits, 0 errors, 0 left on base; Montgomery 0 - Asheville 3
TOP OF THE 6TH
Montgomery Rebels batting - Pitching for Asheville Tourists : RHP Lazaro Santin
Batting: SHB Mike Thorpe 0-0: Ball
1-0: Ball
2-0: Foul Ball, location: 2F
2-1: Reached on error, E5 (Groundball, 15, EV 91.3 MPH)
Batting: LHB Michael Shinn 0-0: Ball
1-0: Called Strike
1-1: Fielders Choice at 2nd, 4-6 (Groundball, 4D, EV 100.0 MPH)
Batting: SHB Arthur Fischetti 0-0: Called Strike
0-1: Ball
1-1: Foul Ball, location: 2F
1-2: Ball
2-2: Ball
3-2: Fly out, F6 (Flyball, 56D, EV 78.8 MPH)
Batting: LHB Dwayne Murphy 0-0: Swinging Strike
0-1: Ball
1-1: Called Strike
1-2: Strikes out looking
Top of the 6th over - 0 runs, 0 hits, 1 error, 1 left on base; Montgomery 0 - Asheville 3
BOTTOM OF THE 6TH
Asheville Tourists batting - Pitching for Montgomery Rebels : LHP Mike J Ramsey
Batting: LHB Michael Wishnevski 0-0: Swinging Strike
0-1: Called Strike
0-2: Strikes out swinging
Batting: SHB Dan Hanggie 0-0: Ball
1-0: Ball
2-0: Foul Ball, location: 2F
2-1: Ball
3-1: Called Strike
3-2: Foul Ball, location: 2F
3-2: Foul Ball, location: 2F
3-2: Foul Ball, location: 2F
3-2: Strikes out swinging
Batting: LHB Elias Nava 0-0: Called Strike
0-1: Ball
1-1: Fly out, F8 (Flyball, 8RS, EV 86.3 MPH)
Bottom of the 6th over - 0 runs, 0 hits, 0 errors, 0 left on base; Montgomery 0 - Asheville 3
TOP OF THE 7TH
Montgomery Rebels batting - Pitching for Asheville Tourists : RHP Lazaro Santin
Batting: LHB Ray Crowley 0-0: Ball
1-0: Foul Ball, location: 2F
1-1: Foul Ball, location: 2F
1-2: Ground out 4-3 (Groundball, 4D, EV 100.0 MPH)
Batting: RHB Milt Jefferson 0-0: Ball
1-0: Fly out, F8 (Flyball, 8RD, EV 90.0 MPH)
Batting: RHB Nate Tria 0-0: Called Strike
0-1: Ball
1-1: Ball
2-1: Ball
3-1: SINGLE (Line Drive, 4D, EV 98.1 MPH)
Batting: RHB Roberto Palacios 0-0: Called Strike
0-1: Foul Ball, location: 2F
0-2: Ball
1-2: Foul Ball, location: 2F
1-2: Ball
2-2: Ball
3-2: Fly out, F7 (Flyball, 78D, EV 73.8 MPH)
Top of the 7th over - 0 runs, 1 hit, 0 errors, 1 left on base; Montgomery 0 - Asheville 3
BOTTOM OF THE 7TH
Asheville Tourists batting - Pitching for Montgomery Rebels : LHP Mike J Ramsey
Batting: RHB Gareth Ledbetter 0-0: Ball
1-0: Called Strike
1-1: Ball
2-1: Ball
3-1: Foul Ball, location: 2F
3-2: Base on Balls
Batting: SHB Wayne Simmons 0-0: Ball
1-0: Bunted foul
1-1: Bunted foul
1-2: Ball
2-2: Foul Ball, location: 2F
2-2: Ball
3-2: Base on Balls
Gareth Ledbetter to second
Batting: RHB Mike Garcia 0-0: Sac Bunt to 15S - play at first, batter OUT! 1-3
Gareth Ledbetter to third
Wayne Simmons to second
Batting: RHB Ulises Infante Balk!
Gareth Ledbetter scores
Wayne Simmons to third
0-0: Ball
1-0: Ball
2-0: Ball
3-0: Base on Balls
Batting: LHB Donald Mazzilli 0-0: Ball
1-0: Ball
2-0: Fly out, F9 (Flyball, 89D, EV 95.0 MPH)
Runner from 3rd tags up, SCORES, no throw by RF
Batting: RHB Wes Robbins 0-0: Ball
1-0: Called Strike
1-1: Ball
Ulises Infante steals 2nd base
2-1: Swinging Strike
2-2: Foul Ball, location: 2F
2-2: Foul Ball, location: 2F
2-2: Ball
3-2: Fly out, F9 (Flyball, 89XD, EV 107.5 MPH)
Bottom of the 7th over - 2 runs, 0 hits, 0 errors, 1 left on base; Montgomery 0 - Asheville 5
TOP OF THE 8TH
Montgomery Rebels batting - Pitching for Asheville Tourists : RHP Lazaro Santin
Batting: RHB Jeff Schumaker 0-0: Foul Ball, location: 2F
0-1: Swinging Strike
0-2: Ground out 5-3 (Groundball, 5L, EV 104.4 MPH)
Batting: SHB Mike Thorpe 0-0: Ball
1-0: Ground out U3 (Groundball, 34, EV 97.5 MPH)
Batting: LHB Michael Shinn 0-0: Ball
1-0: Called Strike
1-1: Ball
2-1: Foul Ball, location: 2F
2-2: Foul Ball, location: 2F
2-2: Ground out 6-3 (Groundball, 6M, EV 81.9 MPH)
Top of the 8th over - 0 runs, 0 hits, 0 errors, 0 left on base; Montgomery 0 - Asheville 5
BOTTOM OF THE 8TH
Asheville Tourists batting - Pitching for Montgomery Rebels : LHP Mike J Ramsey
Pitching: LHP Tony Fossas
Batting: LHB Michael Wishnevski 0-0: Ball
1-0: Ball
2-0: Ball
3-0: Called Strike
3-1: Foul Ball, location: 2F
3-2: Base on Balls
Batting: SHB Dan Hanggie 0-0: SINGLE (Flyball, 89S, EV 81.3 MPH)
Michael Wishnevski to second
Runner from 2nd tries for 3rd, SAFE, throw by RF made to third
Batting: LHB Elias Nava 0-0: Called Strike
0-1: Ball
1-1: SINGLE (Line Drive, 8LS, EV 110.0 MPH)
Michael Wishnevski scores
Dan Hanggie to second
Runner from 2nd tries for 3rd, SAFE, no throw by CF
Batting: RHB Gareth Ledbetter 0-0: Grounds into double play, 4-6-3 (Groundball, 4, EV 103.8 MPH)
Dan Hanggie scores
Batting: SHB Wayne Simmons 0-0: Called Strike
0-1: Ball
1-1: Ground out 3-1 (Groundball, 13, EV 85.0 MPH)
Bottom of the 8th over - 2 runs, 2 hits, 0 errors, 0 left on base; Montgomery 0 - Asheville 7
TOP OF THE 9TH
Montgomery Rebels batting - Pitching for Asheville Tourists : RHP Lazaro Santin
Batting: SHB Arthur Fischetti 0-0: DOUBLE (Line Drive, 9LD, EV 105.0 MPH)
Batting: LHB Dwayne Murphy 0-0: Ball
1-0: Ground out 1-3 (Groundball, 13S, EV 70.0 MPH)
Arthur Fischetti to third
Batting: LHB Ray Crowley 0-0: Ball
1-0: Called Strike
1-1: Foul Ball, location: 2F
1-2: Strikes out looking
Batting: RHB Milt Jefferson 0-0: Ball
1-0: Ball
2-0: Ground out U3 (Groundball, 34S, EV 85.0 MPH)
Top of the 9th over - 0 runs, 1 hit, 0 errors, 1 left on base; Montgomery 0 - Asheville 7
Friday, July 31st, 2020 - OOTP Baseball 21.5 Build 76